[ PARTIDA AOE2 · #473325119 ]
UnrankedFrancos vs Berbers
Equipo del jugador · DERR
[ ANÁLISIS DE REPETICIÓN · EXTRAÍDO DE LA PARTIDA GRABADA ]
Feudal
10:42
Castillos
14:13
Imperial
27:23
| APM promedio | 48.6 |
| APM pico | 91 |
| eAPM promedio | 27.4 |
| Aldeanos / militares | 179 / 458 |
Foco
⚔️ 42.1% · 🌾 57.9%
Throwing Axeman ×407 · Trade Cart ×60 · Bombard Cannon ×27 · Mangonel ×21 · Trebuchet (Packed) ×2 · Monk ×1
Feudal
9:43
Castillos
21:32
Imperial
34:44
| APM promedio | 52.8 |
| APM pico | 113 |
| eAPM promedio | 31.7 |
| Aldeanos / militares | 166 / 546 |
Foco
⚔️ 44.1% · 🌾 55.9%
Knight ×314 · Scout Cavalry ×199 · Trade Cart ×37 · Bombard Cannon ×22 · Petard ×10 · Trebuchet (Packed) ×1
Feudal
11:21
Castillos
15:16
Imperial
36:35
| APM promedio | 73.7 |
| APM pico | 133 |
| eAPM promedio | 42.4 |
| Aldeanos / militares | 167 / 289 |
Foco
⚔️ 53.6% · 🌾 46.4%
Camel Archer ×255 · Trade Cart ×73 · Monk ×8 · Knight ×7 · Scorpion ×7 · Scout Cavalry ×5
Feudal
12:52
Castillos
16:47
Imperial
35:07
| APM promedio | 87.3 |
| APM pico | 224 |
| eAPM promedio | 51.7 |
| Aldeanos / militares | 104 / 104 |
Foco
⚔️ 74.9% · 🌾 25.1%
Unknown (1952) ×181 · Skirmisher ×97 · Unknown (1949) ×72 · Fishing Ship ×50 · Trade Cart ×39 · Unknown (1942) ×11
Feudal
10:37
Castillos
32:26
Imperial
45:26
| APM promedio | 41.9 |
| APM pico | 78 |
| eAPM promedio | 26.2 |
| Aldeanos / militares | 168 / 283 |
Foco
⚔️ 41.6% · 🌾 58.4%
Scout Cavalry ×264 · Trade Cart ×27 · Spearman ×8 · Bombard Cannon ×7 · Militia ×3 · Monk ×1
Feudal
10:39
Castillos
17:40
Imperial
32:17
| APM promedio | 45.2 |
| APM pico | 100 |
| eAPM promedio | 32.3 |
| Aldeanos / militares | 261 / 169 |
Foco
⚔️ 31.9% · 🌾 68.1%
Spearman ×165 · Unknown (1968) ×23 · Trade Cart ×4 · Militia ×3 · Petard ×1
Feudal
10:53
Castillos
21:59
Imperial
37:08
| APM promedio | 58.6 |
| APM pico | 107 |
| eAPM promedio | 43.4 |
| Aldeanos / militares | 247 / 214 |
Foco
⚔️ 54.9% · 🌾 45.1%
Spearman ×127 · Plumed Archer ×74 · Trebuchet (Packed) ×10 · Trade Cart ×3 · Petard ×2 · Battering Ram ×1
Feudal
11:37
Castillos
15:08
Imperial
28:58
| APM promedio | 80.2 |
| APM pico | 154 |
| eAPM promedio | 48.9 |
| Aldeanos / militares | 151 / 523 |
Foco
⚔️ 55.4% · 🌾 44.6%
Spearman ×270 · Monaspa ×225 · Fishing Ship ×56 · Mangonel ×16 · Trade Cart ×14 · Trebuchet (Packed) ×8
Mapa de la partida
Recursos iniciales + cada clic de construcción. Líneas = muros · curvas = relieve. ◆ oro · ⬟ piedra · ● bayas · ✦ reliquia · ◌ hueco del cierre
Tu base· Abierta — el rival se encerró
Base de abundzuehalt· ✓ Cerrada en 21:32 · 33t muro · 9 puerta(s)
Base de OS+ | TeMo· ✓ Cerrada en 15:16 · 18t muro · 2 puerta(s)
Base de Oni.JorDan_AoE· ✓ Cerrada en 16:47 · 25t muro · sin puerta
Base de chaos_2_win· Abierta — el rival se encerró
Base de coolcat23· ✓ Cerrada en 17:40 · 62t muro · sin puerta
Base de NoLo· ✓ Cerrada en 21:59 · 67t muro · 1 puerta(s)
Base de Oni.TheViper· ✓ Cerrada en 15:08 · 3t muro · sin puerta
Terreno inicial suavizado · ◌ = hueco del cierre detectado · pasá el cursor para detalles
Inputs por minuto
— Somero - - abundzuehalt
Build order — Somero
Primeras 150 de 594 acciones detectadas
| 0:00 | Crear | Villager (Male) |
| 0:01 | Crear | Villager (Male) |
| 0:01 | Crear | Villager (Male) |
| 0:02 | Construir | House |
| 0:03 | Construir | House |
| 0:15 | Crear | Villager (Male) |
| 1:52 | Crear | Villager (Male) |
| 1:53 | Crear | Villager (Male) |
| 2:18 | Crear | Villager (Male) |
| 2:19 | Crear | Villager (Male) |
| 2:28 | Construir | Lumber Camp |
| 2:53 | Crear | Villager (Male) |
| 3:20 | Crear | Villager (Male) |
| 3:48 | Crear | Villager (Male) |
| 3:57 | Crear | Villager (Male) |
| 4:08 | Construir | House |
| 4:50 | Crear | Villager (Male) |
| 5:02 | Construir | Mill |
| 5:13 | Crear | Villager (Male) |
| 5:29 | Crear | Villager (Male) |
| 5:29 | Crear | Villager (Male) |
| 5:29 | Crear | Villager (Male) |
| 5:56 | Construir | House |
| 6:19 | Crear | Villager (Male) |
| 6:20 | Crear | Villager (Male) |
| 6:22 | Construir | House |
| 6:48 | Crear | Villager (Male) |
| 6:52 | Crear | Villager (Male) |
| 6:53 | Crear | Villager (Male) |
| 7:11 | Crear | Villager (Male) |
| 7:11 | Crear | Villager (Male) |
| 7:16 | Crear | Villager (Male) |
| 7:23 | Crear | Villager (Male) |
| 7:58 | Construir | Mining Camp |
| 8:19 | Investigar | Feudal Age |
| 9:00 | Crear | Villager (Male) |
| 9:00 | Crear | Villager (Male) |
| 10:42 | Edad | Edad Feudal |
| 10:44 | Construir | Market |
| 10:46 | Construir | Blacksmith |
| 10:56 | Investigar | Double-Bit Axe |
| 11:33 | Investigar | Castle Age |
| 14:03 | Crear | Villager (Male) |
| 14:04 | Crear | Villager (Male) |
| 14:13 | Edad | Edad de los Castillos |
| 14:15 | Construir | Town Center |
| 14:18 | Construir | Town Center |
| 14:32 | Crear | Villager (Male) |
| 14:33 | Construir | Farm |
| 14:34 | Construir | Farm |
| 14:35 | Construir | Farm |
| 14:39 | Investigar | Bow Saw |
| 14:41 | Construir | Farm |
| 14:43 | Crear | Villager (Male) |
| 15:03 | Crear | Villager (Male) |
| 15:05 | Construir | Farm |
| 15:09 | Construir | House |
| 15:10 | Construir | House |
| 15:27 | Crear | Villager (Male) |
| 15:30 | Construir | Farm |
| 15:43 | Crear | Villager (Male) |
| 15:49 | Crear | Villager (Male) |
| 15:50 | Crear | Villager (Male) |
| 15:50 | Construir | Farm |
| 15:51 | Construir | Farm |
| 15:52 | Construir | Farm |
| 15:56 | Crear | Villager (Male) |
| 15:57 | Construir | Farm |
| 15:57 | Crear | Villager (Male) |
| 15:58 | Construir | Farm |
| 16:06 | Construir | Farm |
| 16:08 | Crear | Villager (Male) |
| 16:08 | Crear | Villager (Male) |
| 16:09 | Crear | Villager (Male) |
| 16:09 | Crear | Villager (Male) |
| 16:09 | Crear | Villager (Male) |
| 16:17 | Construir | Farm |
| 16:33 | Crear | Villager (Male) |
| 16:33 | Crear | Villager (Male) |
| 17:05 | Crear | Villager (Male) |
| 17:05 | Crear | Villager (Male) |
| 17:05 | Crear | Villager (Male) |
| 17:07 | Construir | Farm |
| 17:07 | Crear | Villager (Male) |
| 17:09 | Construir | Farm |
| 17:20 | Construir | Town Center |
| 17:35 | Crear | Villager (Male) |
| 17:36 | Crear | Villager (Male) |
| 17:37 | Construir | Farm |
| 17:39 | Construir | Farm |
| 17:44 | Crear | Villager (Male) |
| 18:06 | Crear | Villager (Male) |
| 18:07 | Construir | Farm |
| 18:08 | Construir | Farm |
| 18:11 | Construir | Farm |
| 18:12 | Construir | Farm |
| 18:18 | Crear | Villager (Male) |
| 18:19 | Crear | Villager (Male) |
| 18:28 | Construir | House |
| 18:28 | Construir | House |
| 18:31 | Crear | Villager (Male) |
| 18:33 | Crear | Villager (Male) |
| 18:33 | Crear | Villager (Male) |
| 18:33 | Crear | Villager (Male) |
| 18:34 | Construir | Farm |
| 18:36 | Construir | Farm |
| 18:39 | Crear | Villager (Male) |
| 18:39 | Crear | Villager (Male) |
| 18:40 | Construir | Farm |
| 18:40 | Construir | Farm |
| 18:43 | Construir | Farm |
| 18:46 | Construir | House |
| 18:49 | Crear | Villager (Male) |
| 18:55 | Construir | Farm |
| 18:59 | Crear | Villager (Male) |
| 19:02 | Crear | Villager (Male) |
| 19:13 | Crear | Villager (Male) |
| 19:15 | Crear | Villager (Male) |
| 19:19 | Crear | Villager (Male) |
| 19:23 | Construir | Farm |
| 19:26 | Construir | Farm |
| 19:28 | Construir | Farm |
| 19:29 | Crear | Villager (Male) |
| 19:34 | Construir | Farm |
| 19:34 | Crear | Villager (Male) |
| 19:37 | Construir | Farm |
| 19:46 | Crear | Villager (Male) |
| 19:46 | Crear | Villager (Male) |
| 19:50 | Crear | Villager (Male) |
| 19:54 | Crear | Villager (Male) |
| 19:59 | Construir | Farm |
| 20:01 | Construir | Farm |
| 20:02 | Crear | Villager (Male) |
| 20:05 | Construir | Farm |
| 20:05 | Crear | Villager (Male) |
| 20:07 | Construir | Farm |
| 20:20 | Construir | House |
| 20:23 | Crear | Villager (Male) |
| 20:26 | Crear | Villager (Male) |
| 20:27 | Construir | House |
| 20:28 | Construir | House |
| 20:28 | Construir | House |
| 20:29 | Construir | House |
| 20:29 | Construir | House |
| 20:33 | Crear | Villager (Male) |
| 20:37 | Construir | Monastery |
| 20:40 | Crear | Villager (Male) |
| 20:44 | Investigar | Wheelbarrow |
| 20:48 | Crear | Villager (Male) |
| 21:08 | Crear | Villager (Male) |
Build order — abundzuehalt
Primeras 150 de 666 acciones detectadas
| 0:01 | Crear | Villager (Male) ×4 |
| 0:02 | Construir | House |
| 0:02 | Construir | House |
| 1:10 | Investigar | Loom |
| 1:20 | Construir | Palisade Wall |
| 1:52 | Crear | Villager (Male) |
| 2:32 | Crear | Villager (Male) |
| 2:58 | Crear | Villager (Male) |
| 3:20 | Construir | Palisade Wall |
| 3:21 | Construir | Palisade Wall |
| 3:23 | Crear | Villager (Male) |
| 3:28 | Construir | Palisade Wall |
| 3:33 | Construir | Palisade Wall |
| 3:42 | Crear | Villager (Male) |
| 4:07 | Crear | Villager (Male) |
| 4:15 | Construir | House |
| 4:17 | Crear | Villager (Male) |
| 4:56 | Construir | Lumber Camp |
| 5:01 | Crear | Villager (Male) |
| 5:01 | Crear | Villager (Male) |
| 5:12 | Crear | Villager (Male) |
| 5:13 | Crear | Villager (Male) |
| 5:16 | Crear | Villager (Male) |
| 5:37 | Crear | Villager (Male) |
| 6:33 | Construir | Mining Camp |
| 6:44 | Crear | Villager (Male) |
| 7:33 | Investigar | Feudal Age |
| 8:29 | Construir | Mill |
| 8:57 | Crear | Villager (Male) |
| 9:43 | Edad | Edad Feudal |
| 9:44 | Construir | Watch Tower |
| 9:48 | Investigar | Double-Bit Axe |
| 9:51 | Crear | Villager (Male) |
| 9:55 | Construir | Blacksmith |
| 10:15 | Crear | Villager (Male) |
| 10:39 | Construir | House |
| 10:40 | Investigar | Fletching |
| 10:49 | Crear | Villager (Male) |
| 11:09 | Construir | Stone Wall |
| 11:10 | Crear | Villager (Male) |
| 11:13 | Crear | Villager (Male) |
| 11:21 | Crear | Villager (Male) |
| 11:44 | Construir | House |
| 11:50 | Construir | Stone Wall |
| 11:50 | Construir | Stone Wall |
| 11:52 | Construir | Stone Wall |
| 12:09 | Construir | Watch Tower |
| 12:19 | Investigar | Horse Collar |
| 12:21 | Crear | Villager (Male) |
| 12:42 | Construir | Farm |
| 12:43 | Construir | Farm |
| 12:54 | Construir | Watch Tower |
| 13:00 | Crear | Villager (Male) |
| 13:12 | Construir | Farm |
| 13:28 | Crear | Villager (Male) |
| 13:43 | Crear | Villager (Male) |
| 13:45 | Construir | Outpost |
| 13:48 | Construir | Stone Wall |
| 14:10 | Construir | House |
| 14:11 | Crear | Villager (Male) |
| 14:20 | Crear | Villager (Male) |
| 14:23 | Construir | Farm |
| 14:24 | Construir | Farm |
| 14:29 | Construir | House |
| 14:30 | Crear | Villager (Male) |
| 14:51 | Construir | House |
| 14:52 | Construir | House |
| 14:52 | Crear | Villager (Male) |
| 15:09 | Construir | Watch Tower |
| 15:19 | Construir | House |
| 15:24 | Crear | Villager (Male) |
| 15:30 | Construir | Outpost |
| 15:36 | Crear | Villager (Male) |
| 16:14 | Construir | Market |
| 16:40 | Crear | Villager (Male) |
| 16:46 | Construir | Stone Wall |
| 16:48 | Construir | Stone Wall |
| 16:49 | Construir | Stone Wall |
| 16:52 | Crear | Villager (Male) |
| 16:55 | Construir | House |
| 17:00 | Construir | Palisade Wall |
| 17:05 | Construir | Palisade Gate |
| 17:10 | Construir | Palisade Gate |
| 17:20 | Construir | Palisade Gate |
| 17:30 | Construir | Palisade Gate |
| 17:38 | Construir | Palisade Gate |
| 17:42 | Construir | Palisade Gate |
| 17:45 | Construir | House |
| 17:50 | Construir | Palisade Wall |
| 17:50 | Crear | Villager (Male) |
| 17:59 | Construir | Palisade Gate |
| 18:08 | Construir | Palisade Gate |
| 18:15 | Construir | Palisade Gate |
| 18:20 | Crear | Villager (Male) |
| 18:52 | Investigar | Castle Age |
| 19:22 | Construir | Mining Camp |
| 19:27 | Construir | Lumber Camp |
| 21:23 | Crear | Villager (Male) |
| 21:32 | Edad | Edad de los Castillos |
| 21:34 | Construir | Town Center |
| 21:35 | Construir | Town Center |
| 21:37 | Investigar | Heavy Plow |
| 21:38 | Investigar | Bow Saw |
| 21:40 | Crear | Villager (Male) |
| 21:48 | Construir | Town Center |
| 21:53 | Construir | Castle |
| 22:04 | Investigar | Wheelbarrow |
| 22:28 | Crear | Villager (Male) |
| 22:31 | Crear | Villager (Male) |
| 22:36 | Construir | Farm |
| 22:37 | Construir | Farm |
| 22:40 | Crear | Villager (Male) |
| 22:45 | Construir | Mill |
| 22:50 | Crear | Villager (Male) |
| 22:53 | Construir | Farm |
| 22:54 | Construir | Farm |
| 22:57 | Construir | Farm |
| 22:59 | Construir | Farm |
| 22:59 | Construir | Farm |
| 23:00 | Construir | Farm |
| 23:00 | Crear | Villager (Male) |
| 23:07 | Crear | Villager (Male) |
| 23:18 | Crear | Villager (Male) |
| 23:27 | Construir | Farm |
| 23:27 | Crear | Villager (Male) |
| 23:33 | Construir | Mill |
| 23:33 | Crear | Villager (Male) |
| 23:40 | Crear | Villager (Male) |
| 23:43 | Crear | Villager (Male) |
| 23:48 | Crear | Villager (Male) |
| 23:51 | Construir | Barracks |
| 23:52 | Crear | Villager (Male) |
| 23:55 | Construir | Farm |
| 23:57 | Crear | Villager (Male) |
| 24:01 | Construir | Farm |
| 24:14 | Crear | Villager (Male) |
| 24:15 | Construir | Farm |
| 24:16 | Construir | Farm |
| 24:16 | Crear | Villager (Male) |
| 24:18 | Construir | Farm |
| 24:19 | Construir | Farm |
| 24:20 | Construir | Farm |
| 24:20 | Crear | Villager (Male) |
| 24:25 | Crear | Villager (Male) |
| 24:28 | Construir | Farm |
| 24:29 | Construir | Farm |
| 24:30 | Construir | Farm |
| 24:31 | Crear | Villager (Male) |
| 24:31 | Construir | Farm |
| 24:33 | Crear | Villager (Male) |
Build order — OS+ | TeMo
Primeras 150 de 692 acciones detectadas
| 0:00 | Crear | Villager (Male) |
| 0:01 | Construir | House |
| 0:02 | Construir | House |
| 0:04 | Crear | Villager (Male) |
| 0:04 | Crear | Villager (Male) |
| 0:10 | Crear | Villager (Male) |
| 1:25 | Crear | Villager (Male) |
| 1:25 | Crear | Villager (Male) |
| 1:47 | Crear | Villager (Male) |
| 2:03 | Crear | Villager (Male) |
| 2:12 | Construir | Lumber Camp |
| 2:33 | Crear | Villager (Male) |
| 2:45 | Crear | Villager (Male) |
| 2:45 | Crear | Villager (Male) |
| 3:23 | Crear | Villager (Male) |
| 3:50 | Crear | Villager (Male) |
| 3:51 | Crear | Villager (Male) |
| 4:22 | Construir | House |
| 4:47 | Construir | Mill |
| 4:52 | Crear | Villager (Male) |
| 5:23 | Crear | Villager (Male) |
| 5:23 | Crear | Villager (Male) |
| 5:23 | Crear | Villager (Male) |
| 5:30 | Construir | House |
| 5:47 | Construir | Palisade Wall |
| 5:47 | Construir | Palisade Wall |
| 5:50 | Construir | Palisade Wall |
| 5:50 | Construir | Palisade Wall |
| 5:55 | Crear | Villager (Male) |
| 5:55 | Crear | Villager (Male) |
| 6:12 | Construir | Palisade Gate |
| 6:18 | Construir | House |
| 6:31 | Construir | Palisade Wall |
| 6:32 | Crear | Villager (Male) |
| 6:36 | Construir | Palisade Wall |
| 6:41 | Construir | Palisade Wall |
| 6:50 | Construir | Palisade Wall |
| 6:54 | Crear | Villager (Male) |
| 6:57 | Construir | Palisade Wall |
| 7:02 | Construir | Palisade Wall |
| 7:02 | Construir | Palisade Wall |
| 7:07 | Construir | Palisade Wall |
| 7:08 | Construir | Palisade Wall |
| 7:11 | Construir | Palisade Wall |
| 7:12 | Crear | Villager (Male) |
| 7:16 | Construir | House |
| 7:20 | Construir | Palisade Gate |
| 7:28 | Construir | Palisade Gate |
| 7:44 | Crear | Villager (Male) |
| 7:49 | Construir | Palisade Wall |
| 8:17 | Crear | Villager (Male) |
| 8:32 | Investigar | Feudal Age |
| 8:33 | Investigar | Feudal Age |
| 8:53 | Construir | Mining Camp |
| 9:04 | Construir | House |
| 9:27 | Crear | Villager (Male) |
| 9:27 | Crear | Villager (Male) |
| 10:30 | Construir | Barracks |
| 10:43 | Construir | Palisade Wall |
| 10:44 | Construir | Palisade Wall |
| 10:49 | Construir | Palisade Wall |
| 11:20 | Crear | Villager (Male) |
| 11:21 | Edad | Edad Feudal |
| 11:26 | Construir | Blacksmith |
| 11:30 | Investigar | Double-Bit Axe |
| 11:43 | Construir | Stable |
| 11:51 | Investigar | Horse Collar |
| 11:55 | Construir | Farm |
| 12:09 | Construir | Farm |
| 12:33 | Investigar | Castle Age |
| 12:37 | Crear | Scout Cavalry |
| 12:42 | Construir | House |
| 12:45 | Crear | Scout Cavalry |
| 12:51 | Construir | Farm |
| 12:59 | Construir | Farm |
| 13:15 | Crear | Scout Cavalry |
| 13:22 | Crear | Scout Cavalry |
| 13:34 | Construir | Farm |
| 13:42 | Investigar | Forging |
| 14:02 | Construir | Farm |
| 14:03 | Construir | Farm |
| 14:04 | Construir | Farm |
| 14:16 | Construir | Farm |
| 14:21 | Crear | Scout Cavalry |
| 14:24 | Investigar | Bloodlines |
| 14:24 | Investigar | Bloodlines |
| 15:16 | Edad | Edad de los Castillos |
| 15:18 | Investigar | Light Cavalry (upgrade) |
| 15:18 | Investigar | Light Cavalry (upgrade) |
| 15:22 | Construir | Siege Workshop |
| 15:29 | Crear | Villager (Male) |
| 16:02 | Construir | House |
| 16:11 | Crear | Mangonel |
| 16:18 | Crear | Villager (Male) |
| 16:37 | Construir | House |
| 16:38 | Construir | Palisade Wall |
| 16:54 | Crear | Knight |
| 17:16 | Crear | Knight |
| 17:17 | Crear | Villager (Male) |
| 17:21 | Construir | House |
| 17:35 | Crear | Villager (Male) |
| 18:04 | Crear | Mangonel |
| 18:10 | Construir | House |
| 18:11 | Crear | Villager (Male) |
| 18:29 | Construir | Monastery |
| 18:30 | Crear | Villager (Male) |
| 18:37 | Crear | Villager (Male) |
| 18:57 | Crear | Knight |
| 19:04 | Crear | Villager (Male) |
| 19:21 | Crear | Mangonel |
| 19:26 | Crear | Villager (Male) |
| 19:27 | Crear | Villager (Male) |
| 19:30 | Crear | Monk |
| 19:31 | Construir | House |
| 19:31 | Crear | Villager (Male) |
| 19:32 | Crear | Villager (Male) |
| 19:33 | Construir | Farm |
| 19:33 | Construir | Farm |
| 19:42 | Crear | Villager (Male) |
| 20:18 | Crear | Villager (Male) |
| 20:21 | Crear | Villager (Male) |
| 20:24 | Crear | Monk |
| 20:25 | Crear | Knight |
| 20:35 | Investigar | Scale Barding Armor |
| 20:36 | Crear | Villager (Male) |
| 20:40 | Crear | Scorpion |
| 20:49 | Crear | Villager (Male) |
| 20:51 | Construir | Town Center |
| 21:00 | Investigar | Husbandry |
| 21:14 | Crear | Scorpion |
| 21:35 | Crear | Villager (Male) |
| 21:48 | Crear | Monk |
| 22:03 | Construir | House |
| 22:04 | Crear | Villager (Male) |
| 22:04 | Crear | Villager (Male) |
| 22:05 | Construir | Farm |
| 22:05 | Construir | Farm |
| 22:05 | Construir | Farm |
| 22:05 | Construir | Farm |
| 22:05 | Construir | Farm |
| 22:48 | Crear | Scorpion |
| 22:50 | Construir | House |
| 22:58 | Crear | Villager (Male) |
| 22:59 | Crear | Villager (Male) |
| 22:59 | Crear | Villager (Male) |
| 22:59 | Crear | Villager (Male) |
| 23:00 | Construir | Farm |
| 23:09 | Crear | Villager (Male) |
| 23:14 | Crear | Knight |
| 23:14 | Crear | Knight |
Build order — Oni.JorDan_AoE
Primeras 150 de 742 acciones detectadas
| 0:01 | Crear | Villager (Male) |
| 0:01 | Crear | Villager (Male) |
| 0:01 | Crear | Villager (Male) |
| 0:01 | Crear | Villager (Male) |
| 0:02 | Construir | House |
| 0:03 | Construir | House |
| 1:26 | Crear | Villager (Male) |
| 1:26 | Crear | Villager (Male) |
| 1:26 | Crear | Villager (Male) |
| 1:52 | Crear | Villager (Male) |
| 1:52 | Crear | Villager (Male) |
| 2:11 | Construir | Lumber Camp |
| 2:23 | Crear | Villager (Male) |
| 2:23 | Crear | Villager (Male) |
| 2:57 | Crear | Villager (Male) |
| 2:57 | Crear | Villager (Male) |
| 3:15 | Investigar | Loom |
| 3:29 | Construir | House |
| 3:32 | Crear | Villager (Male) |
| 3:44 | Crear | Villager (Male) |
| 3:44 | Crear | Villager (Male) |
| 4:07 | Crear | Villager (Male) |
| 4:07 | Crear | Villager (Male) |
| 4:30 | Construir | Dock |
| 4:38 | Construir | Palisade Wall |
| 4:51 | Crear | Villager (Male) |
| 4:51 | Crear | Villager (Male) |
| 4:51 | Crear | Villager (Male) |
| 4:54 | Construir | Palisade Wall |
| 5:10 | Crear | Fishing Ship |
| 5:10 | Crear | Fishing Ship |
| 5:10 | Crear | Fishing Ship |
| 5:10 | Crear | Fishing Ship |
| 5:17 | Crear | Villager (Male) |
| 5:17 | Crear | Villager (Male) |
| 5:53 | Construir | Palisade Wall |
| 6:04 | Crear | Villager (Male) |
| 6:05 | Crear | Fishing Ship |
| 6:09 | Construir | Palisade Wall |
| 6:14 | Construir | Palisade Wall |
| 6:22 | Crear | Villager (Male) |
| 6:26 | Construir | House |
| 6:43 | Crear | Villager (Male) |
| 6:47 | Crear | Fishing Ship |
| 7:09 | Crear | Villager (Male) |
| 7:17 | Construir | Palisade Wall |
| 7:18 | Construir | Palisade Wall |
| 7:18 | Construir | Palisade Wall |
| 7:19 | Construir | Palisade Wall |
| 7:19 | Construir | Palisade Wall |
| 7:20 | Construir | Palisade Wall |
| 7:24 | Crear | Fishing Ship |
| 7:30 | Crear | Villager (Male) |
| 7:40 | Construir | Palisade Wall |
| 7:43 | Construir | House |
| 7:44 | Crear | Villager (Male) |
| 7:46 | Construir | Palisade Wall |
| 7:47 | Construir | Palisade Wall |
| 8:05 | Crear | Fishing Ship |
| 8:12 | Construir | House |
| 8:34 | Crear | Villager (Male) |
| 8:48 | Crear | Transport Ship |
| 8:56 | Crear | Villager (Male) |
| 9:05 | Construir | House |
| 9:24 | Crear | Villager (Male) |
| 9:26 | Crear | Villager (Male) |
| 9:29 | Construir | Mill |
| 9:34 | Construir | Palisade Wall |
| 9:36 | Construir | Palisade Wall |
| 9:38 | Construir | Palisade Wall |
| 9:41 | Crear | Villager (Male) |
| 10:24 | Construir | Mining Camp |
| 10:35 | Crear | Fishing Ship |
| 10:40 | Investigar | Feudal Age |
| 10:45 | Construir | Palisade Wall |
| 10:47 | Construir | Palisade Wall |
| 10:47 | Construir | Palisade Wall |
| 11:19 | Crear | Villager (Male) |
| 11:19 | Crear | Villager (Male) |
| 12:06 | Construir | Dock |
| 12:22 | Crear | Villager (Male) |
| 12:52 | Edad | Edad Feudal |
| 12:53 | Crear | Galley |
| 12:59 | Crear | Villager (Male) |
| 13:13 | Construir | Market |
| 13:18 | Construir | Blacksmith |
| 13:28 | Crear | Fire Galley |
| 14:02 | Construir | Fish Trap |
| 14:04 | Construir | Fish Trap |
| 14:07 | Investigar | Castle Age |
| 14:28 | Construir | Lumber Camp |
| 14:57 | Investigar | Double-Bit Axe |
| 14:59 | Construir | Fish Trap |
| 15:21 | Crear | Fishing Ship |
| 15:25 | Construir | Fish Trap |
| 15:33 | Construir | House |
| 15:37 | Investigar | Tech 906 |
| 15:59 | Construir | Fish Trap |
| 16:17 | Crear | Villager (Male) |
| 16:29 | Construir | House |
| 16:31 | Construir | House |
| 16:34 | Construir | House |
| 16:47 | Edad | Edad de los Castillos |
| 16:50 | Construir | Barracks |
| 16:53 | Crear | Villager (Male) |
| 16:56 | Crear | Villager (Male) |
| 17:03 | Crear | Fishing Ship |
| 17:05 | Construir | Fish Trap |
| 17:11 | Construir | Gate |
| 17:17 | Construir | Stone Wall |
| 17:19 | Construir | Stone Wall |
| 17:20 | Construir | Stone Wall |
| 17:20 | Construir | Stone Wall |
| 17:22 | Crear | Villager (Male) |
| 17:35 | Investigar | Bow Saw |
| 17:38 | Construir | Archery Range |
| 17:40 | Construir | Archery Range |
| 18:05 | Crear | Villager (Male) |
| 18:09 | Investigar | Fletching |
| 18:18 | Crear | Fishing Ship |
| 18:20 | Construir | House |
| 18:20 | Construir | House |
| 18:24 | Crear | Villager (Male) |
| 18:27 | Construir | Mining Camp |
| 18:34 | Crear | Unit 1952 |
| 18:34 | Crear | Unit 1952 |
| 18:41 | Construir | Stable |
| 18:45 | Crear | Villager (Male) |
| 18:59 | Crear | Unit 1952 |
| 19:01 | Crear | Villager (Male) |
| 19:21 | Crear | Unit 1952 |
| 19:28 | Investigar | Bodkin Arrow |
| 19:34 | Crear | Fishing Ship |
| 19:35 | Crear | Villager (Male) |
| 19:40 | Construir | Mining Camp |
| 19:42 | Crear | Unit 1952 |
| 20:05 | Crear | Unit 1952 |
| 20:05 | Crear | Unit 1952 |
| 20:10 | Crear | Villager (Male) |
| 20:27 | Investigar | Bloodlines |
| 20:27 | Crear | Unit 1952 |
| 20:27 | Crear | Unit 1952 |
| 20:27 | Crear | Unit 1952 |
| 20:27 | Crear | Unit 1952 |
| 20:32 | Crear | Villager (Male) |
| 20:34 | Construir | House |
| 20:48 | Crear | Unit 1952 |
| 20:49 | Crear | Unit 1952 |
| 20:59 | Construir | House |
| 21:10 | Crear | Unit 1952 |
Build order — chaos_2_win
Primeras 150 de 584 acciones detectadas
| 0:01 | Crear | Villager (Male) ×4 |
| 0:02 | Construir | House |
| 0:03 | Construir | House |
| 1:15 | Crear | Villager (Male) |
| 1:51 | Crear | Villager (Male) |
| 2:10 | Construir | Lumber Camp |
| 2:21 | Crear | Villager (Male) |
| 2:41 | Crear | Villager (Male) |
| 2:51 | Crear | Villager (Male) |
| 3:14 | Construir | House |
| 3:27 | Investigar | Loom |
| 3:41 | Crear | Villager (Male) |
| 4:11 | Crear | Villager (Male) |
| 4:13 | Crear | Villager (Male) |
| 4:31 | Construir | House |
| 4:33 | Crear | Villager (Male) |
| 4:49 | Construir | Palisade Wall |
| 4:50 | Construir | Palisade Wall |
| 4:52 | Construir | Palisade Wall |
| 4:56 | Crear | Villager (Male) |
| 5:08 | Construir | Palisade Gate |
| 5:56 | Construir | Mill |
| 5:59 | Crear | Villager (Male) |
| 6:18 | Crear | Villager (Male) |
| 6:51 | Crear | Villager (Male) |
| 7:15 | Crear | Villager (Male) |
| 7:48 | Construir | Barracks |
| 7:54 | Crear | Villager (Male) |
| 8:13 | Construir | House |
| 8:27 | Investigar | Feudal Age |
| 8:45 | Crear | Militia |
| 9:13 | Crear | Militia |
| 9:14 | Crear | Militia |
| 9:29 | Construir | Mining Camp |
| 9:50 | Crear | Villager (Male) |
| 10:19 | Construir | Palisade Wall |
| 10:33 | Construir | Palisade Wall |
| 10:37 | Construir | Palisade Wall |
| 10:37 | Edad | Edad Feudal |
| 10:39 | Investigar | Man-at-Arms (upgrade) |
| 10:42 | Construir | Watch Tower |
| 10:49 | Construir | Palisade Wall |
| 10:52 | Crear | Villager (Male) |
| 10:54 | Investigar | Double-Bit Axe |
| 11:12 | Construir | House |
| 11:21 | Crear | Villager (Male) |
| 11:26 | Crear | Villager (Male) |
| 11:49 | Crear | Villager (Male) |
| 12:11 | Construir | Mining Camp |
| 12:24 | Crear | Villager (Male) |
| 12:26 | Construir | Blacksmith |
| 12:50 | Crear | Villager (Male) |
| 13:13 | Investigar | Scale Mail Armor |
| 13:25 | Crear | Villager (Male) |
| 13:48 | Crear | Villager (Male) |
| 13:59 | Construir | House |
| 14:02 | Crear | Villager (Male) |
| 14:07 | Investigar | Horse Collar |
| 14:09 | Construir | Farm |
| 14:10 | Construir | Farm |
| 14:13 | Construir | Farm |
| 14:13 | Construir | Farm |
| 14:19 | Construir | House |
| 14:40 | Construir | Watch Tower |
| 14:57 | Investigar | Fletching |
| 14:58 | Crear | Villager (Male) |
| 15:01 | Construir | Farm |
| 15:10 | Construir | House |
| 15:26 | Crear | Villager (Male) |
| 15:56 | Crear | Villager (Male) |
| 15:59 | Construir | Farm |
| 16:03 | Construir | Lumber Camp |
| 16:24 | Crear | Villager (Male) |
| 16:27 | Construir | Farm |
| 16:27 | Construir | Farm |
| 16:43 | Construir | Palisade Wall |
| 16:45 | Construir | Palisade Wall |
| 16:49 | Construir | House |
| 16:57 | Investigar | Wheelbarrow |
| 16:58 | Crear | Spearman |
| 16:58 | Crear | Spearman |
| 16:59 | Crear | Villager (Male) |
| 17:07 | Construir | Palisade Wall |
| 17:08 | Construir | Palisade Wall |
| 17:09 | Construir | Palisade Wall |
| 17:11 | Construir | Palisade Wall |
| 17:12 | Construir | Palisade Wall |
| 17:14 | Construir | Palisade Wall |
| 17:21 | Construir | Palisade Wall |
| 17:24 | Construir | Palisade Wall |
| 17:25 | Construir | Palisade Wall |
| 17:30 | Construir | Palisade Wall |
| 17:39 | Construir | Palisade Wall |
| 17:40 | Construir | Palisade Wall |
| 17:42 | Crear | Spearman |
| 17:49 | Crear | Villager (Male) |
| 17:56 | Crear | Villager (Male) |
| 17:59 | Crear | Spearman |
| 17:59 | Crear | Spearman |
| 18:19 | Crear | Spearman |
| 18:58 | Construir | Lumber Camp |
| 19:02 | Construir | Palisade Wall |
| 19:05 | Construir | Palisade Wall |
| 19:08 | Crear | Villager (Male) |
| 19:22 | Construir | Palisade Wall |
| 19:24 | Construir | House |
| 20:47 | Construir | Mining Camp |
| 20:57 | Construir | Lumber Camp |
| 21:26 | Crear | Spearman |
| 21:59 | Crear | Spearman |
| 22:43 | Construir | Market |
| 22:48 | Construir | Gate |
| 22:53 | Construir | Market |
| 22:55 | Construir | House |
| 24:35 | Construir | Town Center |
| 25:04 | Construir | Stone Wall |
| 25:47 | Crear | Villager (Male) |
| 25:47 | Crear | Villager (Male) |
| 25:49 | Construir | Farm |
| 25:50 | Construir | Farm |
| 25:50 | Construir | Farm |
| 25:50 | Construir | Farm |
| 25:50 | Construir | Farm |
| 25:50 | Construir | Farm |
| 26:12 | Construir | Farm |
| 26:13 | Construir | Farm |
| 26:14 | Construir | Mill |
| 26:15 | Construir | Farm |
| 26:15 | Construir | Farm |
| 26:15 | Construir | Farm |
| 26:16 | Construir | Farm |
| 26:21 | Investigar | Town Watch |
| 26:21 | Crear | Villager (Male) |
| 26:34 | Construir | Stone Wall |
| 26:47 | Construir | Stone Wall |
| 27:12 | Crear | Villager (Male) |
| 27:51 | Crear | Villager (Male) |
| 28:16 | Construir | Gate |
| 28:20 | Crear | Villager (Male) |
| 28:21 | Crear | Villager (Male) |
| 29:01 | Construir | Outpost |
| 29:09 | Crear | Villager (Male) |
| 29:36 | Construir | Mining Camp |
| 29:46 | Construir | Farm |
| 29:46 | Investigar | Castle Age |
| 29:50 | Construir | Farm |
| 30:24 | Investigar | Stone Mining |
| 30:30 | Investigar | Gold Mining |
| 31:16 | Construir | Market |
| 31:24 | Construir | House |
Build order — coolcat23
Primeras 150 de 790 acciones detectadas
| 0:00 | Crear | Villager (Male) |
| 0:00 | Crear | Villager (Male) |
| 0:00 | Crear | Villager (Male) |
| 0:01 | Construir | House |
| 0:02 | Construir | House |
| 0:15 | Crear | Villager (Male) |
| 0:15 | Crear | Villager (Male) |
| 0:31 | Investigar | Loom |
| 0:31 | Crear | Villager (Male) |
| 0:39 | Crear | Villager (Male) |
| 0:55 | Construir | Palisade Wall |
| 2:11 | Crear | Villager (Male) |
| 2:57 | Crear | Villager (Male) |
| 3:12 | Crear | Villager (Male) |
| 3:16 | Construir | Lumber Camp |
| 3:29 | Construir | Palisade Wall |
| 3:37 | Crear | Villager (Male) |
| 4:03 | Crear | Villager (Male) |
| 4:34 | Crear | Villager (Male) |
| 4:48 | Construir | House |
| 4:54 | Crear | Villager (Male) |
| 5:21 | Crear | Villager (Male) |
| 5:38 | Crear | Villager (Male) |
| 5:39 | Construir | Mill |
| 5:53 | Construir | Palisade Wall |
| 5:54 | Construir | Palisade Wall |
| 5:55 | Construir | Palisade Wall |
| 5:56 | Construir | Palisade Wall |
| 5:57 | Crear | Villager (Male) |
| 5:57 | Crear | Villager (Male) |
| 5:58 | Crear | Villager (Male) |
| 5:58 | Crear | Villager (Male) |
| 6:20 | Crear | Villager (Male) |
| 6:21 | Crear | Villager (Male) |
| 6:55 | Construir | Palisade Wall |
| 6:57 | Construir | Palisade Wall |
| 6:57 | Construir | Palisade Wall |
| 7:07 | Construir | House |
| 7:23 | Crear | Villager (Male) |
| 8:24 | Construir | Lumber Camp |
| 8:29 | Investigar | Feudal Age |
| 8:29 | Investigar | Feudal Age |
| 8:29 | Investigar | Feudal Age |
| 8:29 | Investigar | Feudal Age |
| 8:29 | Investigar | Feudal Age |
| 8:29 | Investigar | Feudal Age |
| 8:29 | Investigar | Feudal Age |
| 8:41 | Construir | House |
| 9:04 | Construir | Palisade Wall |
| 9:07 | Crear | Villager (Male) |
| 9:08 | Crear | Villager (Male) |
| 9:11 | Construir | Palisade Wall |
| 9:17 | Construir | Palisade Wall |
| 9:42 | Construir | Mining Camp |
| 9:47 | Construir | House |
| 10:02 | Construir | Palisade Wall |
| 10:18 | Crear | Villager (Male) |
| 10:34 | Crear | Villager (Male) |
| 10:39 | Edad | Edad Feudal |
| 10:42 | Construir | Stone Wall |
| 10:49 | Construir | Stone Wall |
| 10:49 | Construir | Stone Wall |
| 10:51 | Construir | Stone Wall |
| 10:51 | Construir | Stone Wall |
| 10:58 | Crear | Villager (Male) |
| 11:03 | Construir | Stone Wall |
| 11:09 | Construir | Stone Wall |
| 11:12 | Crear | Villager (Male) |
| 11:14 | Construir | Mining Camp |
| 11:28 | Construir | Stone Wall |
| 11:38 | Construir | Stone Wall |
| 11:49 | Construir | Watch Tower |
| 12:08 | Crear | Villager (Male) |
| 12:25 | Construir | Market |
| 12:35 | Crear | Villager (Male) |
| 12:55 | Crear | Villager (Male) |
| 13:31 | Crear | Villager (Male) |
| 13:43 | Construir | Stone Wall |
| 13:45 | Construir | Stone Wall |
| 13:48 | Construir | Stone Wall |
| 13:49 | Construir | Stone Wall |
| 13:53 | Crear | Villager (Male) |
| 14:17 | Construir | Blacksmith |
| 14:21 | Crear | Villager (Male) |
| 15:00 | Investigar | Castle Age |
| 15:00 | Investigar | Castle Age |
| 15:00 | Investigar | Castle Age |
| 15:00 | Investigar | Castle Age |
| 15:00 | Investigar | Castle Age |
| 15:00 | Investigar | Castle Age |
| 15:00 | Investigar | Castle Age |
| 15:00 | Investigar | Castle Age |
| 15:34 | Investigar | Double-Bit Axe |
| 16:13 | Crear | Villager (Male) |
| 16:22 | Construir | Stone Wall |
| 16:52 | Crear | Villager (Male) |
| 17:01 | Construir | Outpost |
| 17:07 | Investigar | Horse Collar |
| 17:40 | Edad | Edad de los Castillos |
| 17:45 | Construir | Stone Wall |
| 17:46 | Crear | Villager (Male) |
| 17:53 | Construir | Town Center |
| 17:57 | Investigar | Bow Saw |
| 18:35 | Construir | Farm |
| 18:36 | Construir | Farm |
| 18:38 | Construir | House |
| 18:39 | Construir | House |
| 18:48 | Construir | Farm |
| 18:49 | Crear | Villager (Male) |
| 18:49 | Crear | Villager (Male) |
| 18:52 | Construir | Farm |
| 18:58 | Construir | Farm |
| 19:04 | Construir | House |
| 19:18 | Construir | Farm |
| 19:26 | Construir | Farm |
| 19:28 | Crear | Villager (Male) |
| 19:44 | Crear | Villager (Male) |
| 19:45 | Crear | Villager (Male) |
| 20:02 | Construir | Farm |
| 20:04 | Construir | Farm |
| 20:13 | Construir | Castle |
| 20:19 | Construir | Farm |
| 20:19 | Crear | Villager (Male) |
| 20:35 | Crear | Villager (Male) |
| 20:44 | Construir | Farm |
| 20:45 | Construir | Farm |
| 20:46 | Construir | Farm |
| 20:49 | Construir | Farm |
| 20:55 | Construir | House |
| 20:56 | Crear | Villager (Male) |
| 21:10 | Crear | Villager (Male) |
| 21:10 | Crear | Villager (Male) |
| 21:25 | Construir | Farm |
| 21:25 | Construir | Farm |
| 21:27 | Construir | Farm |
| 21:40 | Investigar | Fletching |
| 21:49 | Crear | Villager (Male) |
| 21:54 | Construir | Farm |
| 21:55 | Construir | Farm |
| 22:02 | Crear | Unit 1968 |
| 22:02 | Crear | Unit 1968 |
| 22:03 | Crear | Villager (Male) |
| 22:06 | Crear | Villager (Male) |
| 22:22 | Crear | Unit 1968 |
| 22:22 | Crear | Villager (Male) |
| 22:23 | Crear | Villager (Male) |
| 22:25 | Construir | Farm |
| 22:34 | Crear | Villager (Male) |
| 22:51 | Crear | Villager (Male) |
| 22:51 | Crear | Villager (Male) |
Build order — NoLo
Primeras 150 de 748 acciones detectadas
| 0:04 | Investigar | Loom |
| 0:05 | Construir | House |
| 0:07 | Construir | House |
| 0:10 | Crear | Villager (Male) |
| 0:10 | Crear | Villager (Male) |
| 0:29 | Crear | Villager (Male) |
| 0:35 | Construir | Palisade Wall |
| 1:45 | Crear | Villager (Male) |
| 1:45 | Crear | Villager (Male) |
| 2:09 | Construir | Palisade Wall |
| 2:13 | Crear | Villager (Male) |
| 2:37 | Construir | Lumber Camp |
| 2:44 | Construir | Palisade Wall |
| 2:47 | Construir | Palisade Wall |
| 2:48 | Construir | Palisade Wall |
| 2:56 | Crear | Villager (Male) |
| 3:12 | Construir | Palisade Gate |
| 3:21 | Crear | Villager (Male) |
| 3:48 | Crear | Villager (Male) |
| 4:16 | Construir | Palisade Wall |
| 4:17 | Construir | Palisade Wall |
| 4:21 | Crear | Villager (Male) |
| 4:22 | Crear | Villager (Male) |
| 4:28 | Crear | Villager (Male) |
| 4:28 | Crear | Villager (Male) |
| 4:35 | Construir | House |
| 4:45 | Crear | Villager (Male) |
| 4:45 | Crear | Villager (Male) |
| 4:53 | Construir | Palisade Wall |
| 5:23 | Crear | Villager (Male) |
| 5:27 | Crear | Villager (Male) |
| 5:33 | Construir | Palisade Wall |
| 5:34 | Construir | Palisade Wall |
| 5:36 | Construir | Palisade Wall |
| 5:38 | Construir | Palisade Wall |
| 5:41 | Construir | Palisade Wall |
| 5:44 | Construir | Palisade Wall |
| 5:47 | Construir | Palisade Wall |
| 5:51 | Construir | Palisade Wall |
| 5:53 | Construir | Palisade Wall |
| 6:04 | Construir | Palisade Wall |
| 6:05 | Construir | Palisade Wall |
| 6:06 | Crear | Villager (Male) |
| 6:06 | Crear | Villager (Male) |
| 6:16 | Crear | Villager (Male) |
| 6:18 | Construir | Palisade Wall |
| 6:23 | Crear | Villager (Male) |
| 6:28 | Construir | Palisade Wall |
| 6:30 | Construir | Palisade Wall |
| 6:34 | Construir | House |
| 6:37 | Construir | Palisade Wall |
| 6:41 | Construir | Palisade Wall |
| 6:54 | Crear | Villager (Male) |
| 6:59 | Construir | Palisade Wall |
| 7:01 | Construir | Palisade Wall |
| 7:04 | Crear | Villager (Male) |
| 7:06 | Construir | Palisade Wall |
| 7:19 | Crear | Villager (Male) |
| 7:32 | Construir | Palisade Wall |
| 7:34 | Construir | Palisade Wall |
| 7:43 | Crear | Villager (Male) |
| 8:09 | Construir | Mill |
| 8:14 | Crear | Villager (Male) |
| 8:29 | Construir | House |
| 8:43 | Investigar | Feudal Age |
| 8:52 | Crear | Villager (Male) |
| 8:52 | Crear | Villager (Male) |
| 8:52 | Crear | Villager (Male) |
| 9:33 | Construir | Mining Camp |
| 9:40 | Construir | Mining Camp |
| 9:51 | Construir | Palisade Wall |
| 10:12 | Construir | Palisade Wall |
| 10:19 | Construir | Palisade Wall |
| 10:28 | Construir | Palisade Wall |
| 10:53 | Edad | Edad Feudal |
| 10:55 | Construir | Stone Wall |
| 11:09 | Investigar | Double-Bit Axe |
| 11:10 | Crear | Villager (Male) |
| 11:13 | Construir | Watch Tower |
| 11:25 | Construir | Stone Wall |
| 11:25 | Construir | Stone Wall |
| 11:32 | Crear | Villager (Male) |
| 11:34 | Crear | Villager (Male) |
| 11:36 | Investigar | Town Watch |
| 11:37 | Crear | Villager (Male) |
| 11:49 | Construir | House |
| 12:03 | Construir | House |
| 12:05 | Crear | Villager (Male) |
| 12:34 | Construir | Watch Tower |
| 12:44 | Construir | Stone Wall |
| 12:45 | Construir | Stone Wall |
| 12:48 | Construir | Palisade Wall |
| 12:48 | Crear | Villager (Male) |
| 12:55 | Construir | Dock |
| 13:08 | Construir | Dock |
| 13:09 | Construir | Stone Wall |
| 13:10 | Construir | Stone Wall |
| 13:10 | Crear | Villager (Male) |
| 13:21 | Construir | Stone Wall |
| 13:23 | Construir | Stone Wall |
| 13:25 | Construir | Stone Wall |
| 13:28 | Construir | Stone Wall |
| 13:32 | Crear | Villager (Male) |
| 13:34 | Crear | Villager (Male) |
| 13:52 | Crear | Villager (Male) |
| 13:57 | Crear | Villager (Male) |
| 14:05 | Construir | Farm |
| 14:06 | Construir | Farm |
| 14:07 | Construir | Farm |
| 14:08 | Crear | Villager (Male) |
| 14:23 | Construir | Stone Wall |
| 14:40 | Crear | Villager (Male) |
| 14:47 | Crear | Villager (Male) |
| 15:00 | Crear | Villager (Male) |
| 15:20 | Construir | House |
| 15:29 | Construir | House |
| 15:30 | Crear | Villager (Male) |
| 15:41 | Crear | Villager (Male) |
| 15:43 | Construir | Farm |
| 15:44 | Construir | Farm |
| 15:44 | Crear | Villager (Male) |
| 15:45 | Crear | Villager (Male) |
| 15:47 | Construir | Stone Wall |
| 16:07 | Crear | Villager (Male) |
| 16:14 | Construir | Farm |
| 16:17 | Crear | Villager (Male) |
| 16:26 | Crear | Villager (Male) |
| 16:33 | Crear | Villager (Male) |
| 16:45 | Crear | Villager (Male) |
| 17:06 | Crear | Villager (Male) |
| 17:28 | Construir | Stone Wall |
| 17:33 | Construir | Stone Wall |
| 17:37 | Construir | Market |
| 17:37 | Crear | Villager (Male) |
| 18:00 | Construir | Stone Wall |
| 18:13 | Crear | Villager (Male) |
| 18:24 | Construir | Blacksmith |
| 18:25 | Crear | Villager (Male) |
| 18:31 | Crear | Villager (Male) |
| 18:34 | Construir | House |
| 18:37 | Crear | Villager (Male) |
| 19:19 | Investigar | Castle Age |
| 19:41 | Crear | Villager (Male) |
| 19:41 | Crear | Villager (Male) |
| 19:41 | Crear | Villager (Male) |
| 20:24 | Investigar | Fletching |
| 20:26 | Construir | Stone Wall |
| 20:42 | Construir | House |
| 20:56 | Construir | Farm |
| 20:56 | Construir | Farm |
Build order — Oni.TheViper
Primeras 150 de 801 acciones detectadas
| 0:00 | Crear | Villager (Male) |
| 0:00 | Crear | Villager (Male) |
| 0:01 | Construir | House |
| 0:02 | Construir | House |
| 0:11 | Crear | Villager (Male) |
| 0:13 | Crear | Villager (Male) |
| 1:26 | Crear | Villager (Male) |
| 1:52 | Crear | Villager (Male) |
| 2:09 | Construir | Dock |
| 2:28 | Crear | Villager (Male) |
| 2:54 | Crear | Villager (Male) |
| 3:04 | Crear | Fishing Ship |
| 3:16 | Construir | House |
| 3:23 | Crear | Villager (Male) |
| 3:55 | Crear | Villager (Male) |
| 4:10 | Crear | Villager (Male) |
| 4:28 | Crear | Fishing Ship |
| 4:32 | Crear | Villager (Male) |
| 4:48 | Construir | House |
| 4:51 | Crear | Villager (Male) |
| 5:15 | Crear | Villager (Male) |
| 5:19 | Crear | Fishing Ship |
| 5:29 | Crear | Villager (Male) |
| 5:53 | Crear | Fishing Ship |
| 5:55 | Crear | Villager (Male) |
| 5:59 | Construir | House |
| 6:03 | Crear | Villager (Male) |
| 6:16 | Crear | Fishing Ship |
| 6:24 | Crear | Villager (Male) |
| 6:41 | Crear | Villager (Male) |
| 6:51 | Crear | Villager (Male) |
| 6:57 | Construir | Mule Cart |
| 7:11 | Construir | House |
| 7:20 | Construir | Palisade Wall |
| 7:20 | Construir | Palisade Wall |
| 7:26 | Crear | Villager (Male) |
| 7:26 | Crear | Villager (Male) |
| 7:29 | Construir | Palisade Wall |
| 7:32 | Construir | House |
| 7:44 | Crear | Villager (Male) |
| 7:47 | Construir | Mill |
| 8:04 | Crear | Fishing Ship |
| 8:13 | Construir | House |
| 8:31 | Crear | Villager (Male) |
| 8:34 | Construir | Mule Cart |
| 8:49 | Crear | Villager (Male) |
| 8:56 | Crear | Villager (Male) |
| 9:16 | Crear | Fishing Ship |
| 9:27 | Investigar | Feudal Age |
| 9:38 | Crear | Fishing Ship |
| 10:35 | Construir | House |
| 10:58 | Crear | Villager (Male) |
| 11:23 | Construir | Dock |
| 11:27 | Crear | Villager (Male) |
| 11:37 | Edad | Edad Feudal |
| 11:38 | Construir | Blacksmith |
| 11:39 | Construir | Market |
| 11:43 | Investigar | Double-Bit Axe |
| 12:28 | Investigar | Castle Age |
| 12:36 | Construir | Mule Cart |
| 12:59 | Crear | Fishing Ship |
| 12:59 | Crear | Fishing Ship |
| 13:03 | Investigar | Tech 906 |
| 13:04 | Construir | House |
| 13:30 | Construir | House |
| 13:47 | Construir | Fish Trap |
| 13:49 | Construir | Fish Trap |
| 14:04 | Crear | Villager (Male) |
| 14:12 | Construir | Dock |
| 14:17 | Construir | House |
| 14:17 | Construir | House |
| 15:01 | Crear | Villager (Male) |
| 15:08 | Edad | Edad de los Castillos |
| 15:09 | Construir | Town Center |
| 15:13 | Construir | Town Center |
| 15:17 | Construir | Monastery |
| 15:31 | Crear | Villager (Male) |
| 15:35 | Construir | Monastery |
| 15:35 | Crear | Villager (Male) |
| 15:47 | Construir | House |
| 15:56 | Crear | Villager (Male) |
| 16:07 | Crear | Villager (Male) |
| 16:07 | Crear | Villager (Male) |
| 16:11 | Construir | Fish Trap |
| 16:17 | Investigar | Wheelbarrow |
| 16:17 | Crear | Villager (Male) |
| 16:21 | Crear | Villager (Male) |
| 16:28 | Crear | Villager (Male) |
| 16:37 | Crear | Villager (Male) |
| 16:38 | Crear | Villager (Male) |
| 16:40 | Construir | Fish Trap |
| 16:42 | Crear | Villager (Male) |
| 16:47 | Crear | Monk |
| 16:53 | Crear | Villager (Male) |
| 16:55 | Construir | Fish Trap |
| 16:58 | Crear | Villager (Male) |
| 16:59 | Crear | Villager (Male) |
| 17:00 | Crear | Villager (Male) |
| 17:02 | Construir | Fish Trap |
| 17:07 | Crear | Villager (Male) |
| 17:16 | Construir | Fish Trap |
| 17:18 | Crear | Villager (Male) |
| 17:22 | Crear | Villager (Male) |
| 17:36 | Construir | Dock |
| 17:41 | Construir | Fish Trap |
| 17:53 | Construir | Fish Trap |
| 17:57 | Crear | Villager (Male) |
| 18:02 | Crear | Villager (Male) |
| 18:04 | Construir | House |
| 18:08 | Crear | Fishing Ship |
| 18:08 | Crear | Fishing Ship |
| 18:12 | Crear | Fishing Ship |
| 18:14 | Crear | Villager (Male) |
| 18:27 | Construir | Dock |
| 18:33 | Crear | Villager (Male) |
| 18:37 | Crear | Villager (Male) |
| 18:38 | Crear | Villager (Male) |
| 18:46 | Construir | House |
| 18:48 | Crear | Villager (Male) |
| 18:53 | Construir | Mule Cart |
| 19:04 | Crear | Villager (Male) |
| 19:05 | Crear | Fishing Ship |
| 19:05 | Crear | Fishing Ship |
| 19:06 | Crear | Fishing Ship |
| 19:08 | Construir | Fish Trap |
| 19:13 | Construir | Fish Trap |
| 19:20 | Construir | Fish Trap |
| 19:27 | Construir | House |
| 19:31 | Crear | Villager (Male) |
| 19:31 | Crear | Villager (Male) |
| 19:33 | Crear | Villager (Male) |
| 19:33 | Crear | Villager (Male) |
| 19:48 | Crear | Fishing Ship |
| 19:48 | Crear | Fishing Ship |
| 19:48 | Crear | Fishing Ship |
| 19:50 | Construir | Fish Trap |
| 19:52 | Crear | Fishing Ship |
| 19:54 | Crear | Villager (Male) |
| 19:55 | Crear | Villager (Male) |
| 19:59 | Construir | Fish Trap |
| 20:00 | Crear | Villager (Male) |
| 20:18 | Construir | Monastery |
| 20:21 | Crear | Villager (Male) |
| 20:23 | Construir | Monastery |
| 20:27 | Construir | Mule Cart |
| 20:27 | Crear | Villager (Male) |
| 20:30 | Crear | Villager (Male) |
| 20:34 | Construir | Fish Trap |
| 20:35 | Construir | Fish Trap |
| 20:40 | Construir | Fish Trap |
Cronología de la partida
| 0:35 | NoLo · wall_segment Palisade Wall x11 |
| 0:55 | coolcat23 · wall_segment Palisade Wall x9 |
| 1:20 | abundzuehalt · wall_segment Palisade Wall x3 |
| 2:09 | NoLo · wall_segment Palisade Wall x1 |
| 2:09 | Oni.TheViper · first_building Dock |
| 2:44 | NoLo · wall_segment Palisade Wall x1 |
| 2:47 | NoLo · wall_segment Palisade Wall x1 |
| 2:48 | NoLo · wall_segment Palisade Wall x1 |
| 3:20 | abundzuehalt · wall_segment Palisade Wall x1 |
| 3:21 | abundzuehalt · wall_segment Palisade Wall x4 |
| 3:28 | abundzuehalt · wall_segment Palisade Wall x1 |
| 3:29 | coolcat23 · wall_segment Palisade Wall x1 |
| 3:33 | abundzuehalt · wall_segment Palisade Wall x8 |
| 4:16 | NoLo · wall_segment Palisade Wall x1 |
| 4:17 | NoLo · wall_segment Palisade Wall x1 |
| 4:30 | Oni.JorDan_AoE · first_building Dock |
| 4:38 | Oni.JorDan_AoE · wall_segment Palisade Wall x1 |
| 4:49 | chaos_2_win · wall_segment Palisade Wall x5 |
| 4:50 | chaos_2_win · wall_segment Palisade Wall x2 |
| 4:52 | chaos_2_win · wall_segment Palisade Wall x1 |
| 4:53 | NoLo · wall_segment Palisade Wall x1 |
| 4:54 | Oni.JorDan_AoE · wall_segment Palisade Wall x1 |
| 5:33 | NoLo · wall_segment Palisade Wall x1 |
| 5:34 | NoLo · wall_segment Palisade Wall x1 |
| 5:36 | NoLo · wall_segment Palisade Wall x1 |
| 5:38 | NoLo · wall_segment Palisade Wall x1 |
| 5:41 | NoLo · wall_segment Palisade Wall x1 |
| 5:44 | NoLo · wall_segment Palisade Wall x1 |
| 5:47 | OS+ | TeMo · wall_segment Palisade Wall x1 |
| 5:47 | NoLo · wall_segment Palisade Wall x1 |
| 5:47 | OS+ | TeMo · wall_segment Palisade Wall x1 |
| 5:50 | OS+ | TeMo · wall_segment Palisade Wall x1 |
| 5:50 | OS+ | TeMo · wall_segment Palisade Wall x1 |
| 5:51 | NoLo · wall_segment Palisade Wall x1 |
| 5:53 | Oni.JorDan_AoE · wall_segment Palisade Wall x1 |
| 5:53 | coolcat23 · wall_segment Palisade Wall x2 |
| 5:53 | NoLo · wall_segment Palisade Wall x1 |
| 5:54 | coolcat23 · wall_segment Palisade Wall x1 |
| 5:55 | coolcat23 · wall_segment Palisade Wall x1 |
| 5:56 | coolcat23 · wall_segment Palisade Wall x2 |
| 6:04 | NoLo · wall_segment Palisade Wall x1 |
| 6:05 | NoLo · wall_segment Palisade Wall x1 |
| 6:09 | Oni.JorDan_AoE · wall_segment Palisade Wall x2 |
| 6:14 | Oni.JorDan_AoE · wall_segment Palisade Wall x1 |
| 6:18 | NoLo · wall_segment Palisade Wall x1 |
| 6:28 | NoLo · wall_segment Palisade Wall x1 |
| 6:30 | NoLo · wall_segment Palisade Wall x1 |
| 6:31 | OS+ | TeMo · wall_segment Palisade Wall x1 |
| 6:36 | OS+ | TeMo · wall_segment Palisade Wall x1 |
| 6:37 | NoLo · wall_segment Palisade Wall x1 |
| 6:41 | OS+ | TeMo · wall_segment Palisade Wall x1 |
| 6:41 | NoLo · wall_segment Palisade Wall x1 |
| 6:50 | OS+ | TeMo · wall_segment Palisade Wall x1 |
| 6:55 | coolcat23 · wall_segment Palisade Wall x4 |
| 6:57 | coolcat23 · wall_segment Palisade Wall x2 |
| 6:57 | OS+ | TeMo · wall_segment Palisade Wall x1 |
| 6:57 | coolcat23 · wall_segment Palisade Wall x1 |
| 6:59 | NoLo · wall_segment Palisade Wall x1 |
| 7:01 | NoLo · wall_segment Palisade Wall x1 |
| 7:02 | OS+ | TeMo · wall_segment Palisade Wall x1 |
| 7:02 | OS+ | TeMo · wall_segment Palisade Wall x1 |
| 7:06 | NoLo · wall_segment Palisade Wall x1 |
| 7:07 | OS+ | TeMo · wall_segment Palisade Wall x1 |
| 7:08 | OS+ | TeMo · wall_segment Palisade Wall x1 |
| 7:11 | OS+ | TeMo · wall_segment Palisade Wall x1 |
| 7:17 | Oni.JorDan_AoE · wall_segment Palisade Wall x1 |
| 7:18 | Oni.JorDan_AoE · wall_segment Palisade Wall x1 |
| 7:18 | Oni.JorDan_AoE · wall_segment Palisade Wall x1 |
| 7:19 | Oni.JorDan_AoE · wall_segment Palisade Wall x1 |
| 7:19 | Oni.JorDan_AoE · wall_segment Palisade Wall x1 |
| 7:20 | Oni.TheViper · wall_segment Palisade Wall x1 |
| 7:20 | Oni.JorDan_AoE · wall_segment Palisade Wall x1 |
| 7:20 | Oni.TheViper · wall_segment Palisade Wall x1 |
| 7:29 | Oni.TheViper · wall_segment Palisade Wall x1 |
| 7:32 | NoLo · wall_segment Palisade Wall x1 |
| 7:34 | NoLo · wall_segment Palisade Wall x1 |
| 7:40 | Oni.JorDan_AoE · wall_segment Palisade Wall x1 |
| 7:46 | Oni.JorDan_AoE · wall_segment Palisade Wall x1 |
| 7:47 | Oni.JorDan_AoE · wall_segment Palisade Wall x1 |
| 7:48 | chaos_2_win · first_building Barracks |
| 7:49 | OS+ | TeMo · wall_segment Palisade Wall x1 |
| 9:04 | coolcat23 · wall_segment Palisade Wall x1 |
| 9:11 | coolcat23 · wall_segment Palisade Wall x1 |
| 9:17 | coolcat23 · wall_segment Palisade Wall x1 |
| 9:34 | Oni.JorDan_AoE · wall_segment Palisade Wall x1 |
| 9:36 | Oni.JorDan_AoE · wall_segment Palisade Wall x1 |
| 9:38 | Oni.JorDan_AoE · wall_segment Palisade Wall x1 |
| 9:43 | abundzuehalt · age_up feudal |
| 9:51 | NoLo · wall_segment Palisade Wall x1 |
| 10:02 | coolcat23 · wall_segment Palisade Wall x2 |
| 10:12 | NoLo · wall_segment Palisade Wall x1 |
| 10:19 | NoLo · wall_segment Palisade Wall x1 |
| 10:19 | chaos_2_win · wall_segment Palisade Wall x1 |
| 10:28 | NoLo · wall_segment Palisade Wall x1 |
| 10:30 | OS+ | TeMo · first_building Barracks |
| 10:33 | chaos_2_win · wall_segment Palisade Wall x1 |
| 10:37 | chaos_2_win · wall_segment Palisade Wall x1 |
| 10:37 | chaos_2_win · age_up feudal |
| 10:39 | coolcat23 · age_up feudal |
| 10:42 | coolcat23 · wall_segment Stone Wall x9 |
| 10:42 | Somero · age_up feudal |
| 10:43 | OS+ | TeMo · wall_segment Palisade Wall x1 |
| 10:44 | OS+ | TeMo · wall_segment Palisade Wall x1 |
| 10:45 | Oni.JorDan_AoE · wall_segment Palisade Wall x4 |
| 10:47 | Oni.JorDan_AoE · wall_segment Palisade Wall x3 |
| 10:47 | Oni.JorDan_AoE · wall_segment Palisade Wall x1 |
| 10:49 | OS+ | TeMo · wall_segment Palisade Wall x1 |
| 10:49 | coolcat23 · wall_segment Stone Wall x1 |
| 10:49 | chaos_2_win · wall_segment Palisade Wall x1 |
| 10:49 | coolcat23 · wall_segment Stone Wall x1 |
| 10:51 | coolcat23 · wall_segment Stone Wall x1 |
| 10:51 | coolcat23 · wall_segment Stone Wall x1 |
| 10:53 | NoLo · age_up feudal |
| 10:55 | NoLo · wall_segment Stone Wall x12 |
| 11:03 | coolcat23 · wall_segment Stone Wall x1 |
| 11:09 | coolcat23 · wall_segment Stone Wall x1 |
| 11:09 | abundzuehalt · wall_segment Stone Wall x2 |
| 11:21 | OS+ | TeMo · age_up feudal |
| 11:25 | NoLo · wall_segment Stone Wall x1 |
| 11:25 | NoLo · wall_segment Stone Wall x1 |
| 11:28 | coolcat23 · wall_segment Stone Wall x4 |
| 11:32 | Somero · first_market_sell 100 stone |
| 11:37 | Oni.TheViper · age_up feudal |
| 11:38 | coolcat23 · wall_segment Stone Wall x2 |
| 11:43 | OS+ | TeMo · first_building Stable |
| 11:50 | abundzuehalt · wall_segment Stone Wall x1 |
| 11:50 | abundzuehalt · wall_segment Stone Wall x1 |
| 11:52 | abundzuehalt · wall_segment Stone Wall x2 |
| 12:44 | NoLo · wall_segment Stone Wall x1 |
| 12:45 | NoLo · wall_segment Stone Wall x1 |
| 12:48 | NoLo · wall_segment Palisade Wall x1 |
| 12:52 | Oni.JorDan_AoE · age_up feudal |
| 12:55 | NoLo · first_building Dock |
| 13:09 | NoLo · wall_segment Stone Wall x1 |
| 13:10 | NoLo · wall_segment Stone Wall x1 |
| 13:21 | NoLo · wall_segment Stone Wall x1 |
| 13:23 | NoLo · wall_segment Stone Wall x5 |
| 13:25 | NoLo · wall_segment Stone Wall x4 |
| 13:28 | NoLo · wall_segment Stone Wall x3 |
| 13:43 | coolcat23 · wall_segment Stone Wall x5 |
| 13:45 | coolcat23 · wall_segment Stone Wall x3 |
| 13:48 | coolcat23 · wall_segment Stone Wall x5 |
| 13:48 | abundzuehalt · wall_segment Stone Wall x1 |
| 13:49 | coolcat23 · wall_segment Stone Wall x1 |
| 14:13 | Somero · age_up castle |
| 14:23 | NoLo · wall_segment Stone Wall x1 |
| 15:00 | coolcat23 · first_market_sell 100 wood |
| 15:08 | Oni.TheViper · age_up castle |
| 15:16 | OS+ | TeMo · age_up castle |
| 15:17 | Oni.TheViper · first_building Monastery |
| 15:22 | OS+ | TeMo · first_building Siege Workshop |
| 15:26 | Oni.TheViper · first_market_buy 100 wood |
| 15:47 | NoLo · wall_segment Stone Wall x1 |
| 16:22 | coolcat23 · wall_segment Stone Wall x1 |
| 16:38 | OS+ | TeMo · wall_segment Palisade Wall x1 |
| 16:43 | chaos_2_win · wall_segment Palisade Wall x1 |
| 16:45 | chaos_2_win · wall_segment Palisade Wall x1 |
| 16:46 | abundzuehalt · wall_segment Stone Wall x4 |
| 16:47 | Oni.JorDan_AoE · age_up castle |
| 16:48 | abundzuehalt · wall_segment Stone Wall x3 |
| 16:49 | abundzuehalt · wall_segment Stone Wall x3 |
| 16:50 | Oni.JorDan_AoE · first_building Barracks |
| 17:00 | abundzuehalt · wall_segment Palisade Wall x1 |
| 17:07 | chaos_2_win · wall_segment Palisade Wall x1 |
| 17:08 | chaos_2_win · wall_segment Palisade Wall x1 |
| 17:09 | chaos_2_win · wall_segment Palisade Wall x1 |
| 17:11 | chaos_2_win · wall_segment Palisade Wall x1 |
| 17:12 | chaos_2_win · wall_segment Palisade Wall x1 |
| 17:14 | chaos_2_win · wall_segment Palisade Wall x1 |
| 17:17 | Oni.JorDan_AoE · wall_segment Stone Wall x1 |
| 17:19 | Oni.JorDan_AoE · wall_segment Stone Wall x1 |
| 17:20 | Oni.JorDan_AoE · wall_segment Stone Wall x1 |
| 17:20 | Oni.JorDan_AoE · wall_segment Stone Wall x1 |
| 17:21 | chaos_2_win · wall_segment Palisade Wall x1 |
| 17:24 | chaos_2_win · wall_segment Palisade Wall x1 |
| 17:25 | chaos_2_win · wall_segment Palisade Wall x1 |
| 17:28 | NoLo · wall_segment Stone Wall x1 |
| 17:30 | chaos_2_win · wall_segment Palisade Wall x1 |
| 17:33 | NoLo · wall_segment Stone Wall x1 |
| 17:38 | Oni.JorDan_AoE · first_building Archery Range |
| 17:39 | chaos_2_win · wall_segment Palisade Wall x1 |
| 17:40 | chaos_2_win · wall_segment Palisade Wall x1 |
| 17:40 | coolcat23 · age_up castle |
| 17:45 | coolcat23 · wall_segment Stone Wall x6 |
| 17:50 | abundzuehalt · wall_segment Palisade Wall x1 |
| 18:00 | NoLo · wall_segment Stone Wall x1 |
| 18:22 | NoLo · first_market_buy 100 wood |
| 18:29 | OS+ | TeMo · first_building Monastery |
| 18:41 | Oni.JorDan_AoE · first_building Stable |
| 18:52 | abundzuehalt · first_market_sell 100 wood |
| 18:52 | abundzuehalt · first_market_buy 100 food |
| 19:02 | chaos_2_win · wall_segment Palisade Wall x1 |
| 19:05 | chaos_2_win · wall_segment Palisade Wall x1 |
| 19:22 | chaos_2_win · wall_segment Palisade Wall x1 |
| 19:26 | Oni.JorDan_AoE · first_market_sell 100 wood |
| 19:44 | coolcat23 · first_market_buy 100 food |
| 20:13 | coolcat23 · first_building Castle |
| 20:26 | NoLo · wall_segment Stone Wall x1 |
| 20:37 | Somero · first_building Monastery |
| 21:32 | abundzuehalt · age_up castle |
| 21:53 | abundzuehalt · first_building Castle |
| 21:59 | NoLo · age_up castle |
| 22:05 | NoLo · first_building Castle |
| 23:01 | Oni.JorDan_AoE · first_building Siege Workshop |
| 23:51 | abundzuehalt · first_building Barracks |
| 23:52 | Somero · first_building Castle |
| 24:23 | chaos_2_win · first_market_buy 100 stone |
| 24:48 | Somero · wall_segment Stone Wall x1 |
| 24:48 | Somero · wall_segment Stone Wall x1 |
| 24:48 | Somero · wall_segment Stone Wall x1 |
| 24:49 | Somero · wall_segment Stone Wall x1 |
| 24:49 | Somero · wall_segment Stone Wall x1 |
| 24:50 | abundzuehalt · first_building Stable |
| 24:50 | Somero · wall_segment Stone Wall x1 |
| 24:50 | Somero · wall_segment Stone Wall x1 |
| 24:50 | Somero · wall_segment Stone Wall x1 |
| 24:51 | Somero · wall_segment Stone Wall x1 |
| 24:51 | Somero · wall_segment Stone Wall x1 |
| 24:51 | Somero · wall_segment Stone Wall x1 |
| 24:52 | Somero · wall_segment Stone Wall x1 |
| 24:55 | Somero · wall_segment Stone Wall x1 |
| 24:56 | Somero · wall_segment Stone Wall x1 |
| 24:56 | Somero · wall_segment Stone Wall x1 |
| 24:56 | Somero · wall_segment Stone Wall x1 |
| 24:57 | Somero · wall_segment Stone Wall x1 |
| 24:58 | Somero · wall_segment Stone Wall x1 |
| 24:58 | Somero · wall_segment Stone Wall x1 |
| 24:59 | Somero · wall_segment Stone Wall x1 |
| 24:59 | Somero · wall_segment Stone Wall x1 |
| 24:59 | Somero · wall_segment Stone Wall x1 |
| 25:00 | Somero · wall_segment Stone Wall x1 |
| 25:00 | Somero · wall_segment Stone Wall x1 |
| 25:00 | Somero · wall_segment Stone Wall x1 |
| 25:02 | Somero · wall_segment Stone Wall x1 |
| 25:03 | Somero · wall_segment Stone Wall x1 |
| 25:03 | Somero · wall_segment Stone Wall x1 |
| 25:03 | Somero · wall_segment Stone Wall x1 |
| 25:04 | chaos_2_win · wall_segment Stone Wall x7 |
| 25:39 | abundzuehalt · wall_segment Palisade Wall x1 |
| 25:40 | Somero · first_building Siege Workshop |
| 26:34 | chaos_2_win · wall_segment Stone Wall x9 |
| 26:47 | chaos_2_win · wall_segment Stone Wall x3 |
| 26:55 | Oni.TheViper · first_building Castle |
| 27:12 | coolcat23 · wall_segment Palisade Wall x1 |
| 27:23 | Somero · age_up imperial |
| 27:24 | coolcat23 · wall_segment Stone Wall x9 |
| 27:25 | Somero · wall_segment Stone Wall x7 |
| 27:27 | Somero · wall_segment Stone Wall x1 |
| 27:45 | Somero · first_building Barracks |
| 27:51 | Oni.TheViper · first_building Barracks |
| 28:04 | Oni.TheViper · first_building Siege Workshop |
| 28:06 | coolcat23 · first_building Monastery |
| 28:23 | OS+ | TeMo · first_market_buy 100 food |
| 28:26 | Somero · wall_segment Stone Wall x6 |
| 28:56 | Oni.TheViper · first_market_sell 500 food |
| 28:58 | Oni.TheViper · age_up imperial |
| 29:11 | chaos_2_win · first_market_sell 500 wood |
| 29:18 | coolcat23 · wall_segment Stone Wall x6 |
| 29:28 | coolcat23 · wall_segment Stone Wall x9 |
| 29:40 | Somero · wall_segment Stone Wall x7 |
| 29:53 | coolcat23 · wall_segment Stone Wall x3 |
| 30:00 | coolcat23 · wall_segment Stone Wall x7 |
| 30:03 | coolcat23 · wall_segment Stone Wall x4 |
| 30:09 | Somero · wall_segment Stone Wall x5 |
| 30:28 | coolcat23 · wall_segment Stone Wall x1 |
| 30:33 | coolcat23 · wall_segment Stone Wall x5 |
| 30:35 | coolcat23 · wall_segment Stone Wall x7 |
| 30:36 | coolcat23 · wall_segment Stone Wall x3 |
| 30:41 | Somero · wall_segment Stone Wall x3 |
| 30:51 | Somero · wall_segment Stone Wall x7 |
| 30:51 | coolcat23 · wall_segment Stone Wall x1 |
| 30:56 | coolcat23 · wall_segment Stone Wall x1 |
| 31:01 | coolcat23 · wall_segment Stone Wall x1 |
| 31:06 | coolcat23 · wall_segment Stone Wall x5 |
| 31:17 | Oni.TheViper · first_building Stable |
| 31:20 | coolcat23 · wall_segment Stone Wall x14 |
| 31:23 | coolcat23 · wall_segment Stone Wall x1 |
| 32:10 | Somero · wall_segment Stone Wall x7 |
| 32:12 | Somero · wall_segment Stone Wall x5 |
| 32:17 | coolcat23 · age_up imperial |
| 32:26 | chaos_2_win · age_up castle |
| 32:49 | Somero · wall_segment Stone Wall x5 |
| 32:51 | coolcat23 · wall_segment Stone Wall x4 |
| 32:58 | OS+ | TeMo · first_building Castle |
| 33:16 | OS+ | TeMo · first_market_sell 100 food |
| 33:28 | Somero · wall_segment Stone Wall x6 |
| 33:30 | Somero · wall_segment Stone Wall x7 |
| 33:43 | Oni.JorDan_AoE · first_building Castle |
| 33:45 | OS+ | TeMo · first_building Archery Range |
| 33:58 | coolcat23 · first_building Siege Workshop |
| 34:09 | coolcat23 · wall_segment Stone Wall x1 |
| 34:36 | chaos_2_win · wall_segment Stone Wall x8 |
| 34:44 | abundzuehalt · age_up imperial |
| 35:02 | NoLo · first_building Barracks |
| 35:07 | Oni.JorDan_AoE · age_up imperial |
| 35:17 | Somero · wall_segment Stone Wall x5 |
| 35:19 | coolcat23 · wall_segment Stone Wall x1 |
| 35:44 | NoLo · wall_segment Stone Wall x4 |
| 35:55 | coolcat23 · wall_segment Stone Wall x1 |
| 36:02 | chaos_2_win · first_building Monastery |
| 36:35 | OS+ | TeMo · age_up imperial |
| 36:43 | Somero · wall_segment Stone Wall x21 |
| 37:08 | NoLo · age_up imperial |
| 38:04 | Somero · tribute_sent a jugador 1 |
| 38:04 | Somero · tribute_sent a jugador 2 |
| 38:04 | Somero · tribute_sent a jugador 3 |
| 38:04 | Somero · tribute_sent a jugador 4 |
| 38:04 | Somero · tribute_sent a jugador 5 |
| 38:04 | Somero · tribute_sent a jugador 6 |
| 38:04 | Somero · tribute_sent a jugador 8 |
| 38:08 | coolcat23 · wall_segment Stone Wall x1 |
| 38:10 | chaos_2_win · first_building Stable |
| 38:15 | Oni.JorDan_AoE · wall_segment Stone Wall x14 |
| 39:04 | coolcat23 · wall_segment Stone Wall x1 |
| 39:06 | NoLo · first_building Archery Range |
| 39:37 | Oni.TheViper · tribute_sent a jugador 1 |
| 39:37 | Oni.TheViper · tribute_sent a jugador 2 |
| 39:37 | Oni.TheViper · tribute_sent a jugador 3 |
| 39:37 | Oni.TheViper · tribute_sent a jugador 4 |
| 39:37 | Oni.TheViper · tribute_sent a jugador 5 |
| 39:37 | Oni.TheViper · tribute_sent a jugador 6 |
| 39:37 | Oni.TheViper · tribute_sent a jugador 7 |
| 39:37 | OS+ | TeMo · tribute_sent a jugador 1 |
| 39:37 | OS+ | TeMo · tribute_sent a jugador 3 |
| 39:37 | OS+ | TeMo · tribute_sent a jugador 4 |
| 39:37 | OS+ | TeMo · tribute_sent a jugador 5 |
| 39:37 | OS+ | TeMo · tribute_sent a jugador 6 |
| 39:37 | OS+ | TeMo · tribute_sent a jugador 7 |
| 39:37 | OS+ | TeMo · tribute_sent a jugador 8 |
| 39:40 | NoLo · first_market_sell 500 wood |
| 41:23 | Oni.TheViper · tribute_sent a jugador 1 |
| 41:23 | Oni.TheViper · tribute_sent a jugador 2 |
| 41:23 | Oni.TheViper · tribute_sent a jugador 3 |
| 41:23 | Oni.TheViper · tribute_sent a jugador 4 |
| 41:23 | Oni.TheViper · tribute_sent a jugador 5 |
| 41:23 | Oni.TheViper · tribute_sent a jugador 6 |
| 41:23 | Oni.TheViper · tribute_sent a jugador 7 |
| 41:43 | chaos_2_win · first_building Siege Workshop |
| 42:13 | Somero · tribute_sent a jugador 1 |
| 42:13 | Somero · tribute_sent a jugador 2 |
| 42:13 | Somero · tribute_sent a jugador 3 |
| 42:13 | Somero · tribute_sent a jugador 4 |
| 42:13 | Somero · tribute_sent a jugador 5 |
| 42:13 | Somero · tribute_sent a jugador 6 |
| 42:13 | Somero · tribute_sent a jugador 8 |
| 42:18 | coolcat23 · first_building Barracks |
| 42:40 | coolcat23 · wall_segment Stone Wall x1 |
| 42:46 | OS+ | TeMo · wall_segment Stone Wall x13 |
| 43:03 | Oni.TheViper · tribute_sent a jugador 1 |
| 43:03 | Oni.TheViper · tribute_sent a jugador 2 |
| 43:03 | Oni.TheViper · tribute_sent a jugador 3 |
| 43:03 | Oni.TheViper · tribute_sent a jugador 4 |
| 43:03 | Oni.TheViper · tribute_sent a jugador 5 |
| 43:03 | Oni.TheViper · tribute_sent a jugador 6 |
| 43:03 | Oni.TheViper · tribute_sent a jugador 7 |
| 43:09 | NoLo · wall_segment Stone Wall x11 |
| 43:15 | coolcat23 · wall_segment Stone Wall x1 |
| 43:26 | coolcat23 · wall_segment Stone Wall x1 |
| 43:41 | Oni.JorDan_AoE · tribute_sent a jugador 1 |
| 43:41 | Oni.JorDan_AoE · tribute_sent a jugador 2 |
| 43:41 | Oni.JorDan_AoE · tribute_sent a jugador 4 |
| 43:41 | Oni.JorDan_AoE · tribute_sent a jugador 5 |
| 43:41 | Oni.JorDan_AoE · tribute_sent a jugador 6 |
| 43:41 | Oni.JorDan_AoE · tribute_sent a jugador 7 |
| 43:41 | Oni.JorDan_AoE · tribute_sent a jugador 8 |
| 43:58 | Oni.TheViper · tribute_sent a jugador 1 |
| 43:58 | Oni.TheViper · tribute_sent a jugador 2 |
| 43:58 | Oni.TheViper · tribute_sent a jugador 3 |
| 43:58 | Oni.TheViper · tribute_sent a jugador 4 |
| 43:58 | Oni.TheViper · tribute_sent a jugador 5 |
| 43:58 | Oni.TheViper · tribute_sent a jugador 6 |
| 43:58 | Oni.TheViper · tribute_sent a jugador 7 |
| 44:07 | coolcat23 · wall_segment Stone Wall x1 |
| 44:09 | coolcat23 · wall_segment Stone Wall x1 |
| 44:46 | chaos_2_win · first_building Castle |
| 44:54 | OS+ | TeMo · tribute_sent a jugador 1 |
| 44:54 | OS+ | TeMo · tribute_sent a jugador 3 |
| 44:54 | OS+ | TeMo · tribute_sent a jugador 4 |
| 44:54 | OS+ | TeMo · tribute_sent a jugador 5 |
| 44:54 | OS+ | TeMo · tribute_sent a jugador 6 |
| 44:54 | OS+ | TeMo · tribute_sent a jugador 7 |
| 44:54 | OS+ | TeMo · tribute_sent a jugador 8 |
| 45:20 | abundzuehalt · wall_segment Stone Wall x2 |
| 45:26 | chaos_2_win · age_up imperial |
| 45:32 | abundzuehalt · tribute_sent a jugador 2 |
| 45:32 | abundzuehalt · tribute_sent a jugador 3 |
| 45:32 | abundzuehalt · tribute_sent a jugador 4 |
| 45:32 | abundzuehalt · tribute_sent a jugador 5 |
| 45:32 | abundzuehalt · tribute_sent a jugador 6 |
| 45:32 | abundzuehalt · tribute_sent a jugador 7 |
| 45:32 | abundzuehalt · tribute_sent a jugador 8 |
| 46:07 | NoLo · first_building Siege Workshop |
| 46:16 | OS+ | TeMo · tribute_sent a jugador 1 |
| 46:16 | OS+ | TeMo · tribute_sent a jugador 3 |
| 46:16 | OS+ | TeMo · tribute_sent a jugador 4 |
| 46:16 | OS+ | TeMo · tribute_sent a jugador 5 |
| 46:16 | OS+ | TeMo · tribute_sent a jugador 6 |
| 46:16 | OS+ | TeMo · tribute_sent a jugador 7 |
| 46:16 | OS+ | TeMo · tribute_sent a jugador 8 |
| 46:30 | Somero · wall_segment Stone Wall x11 |
| 46:32 | Oni.JorDan_AoE · tribute_sent a jugador 1 |
| 46:32 | Oni.JorDan_AoE · tribute_sent a jugador 2 |
| 46:32 | Oni.JorDan_AoE · tribute_sent a jugador 4 |
| 46:32 | Oni.JorDan_AoE · tribute_sent a jugador 5 |
| 46:32 | Oni.JorDan_AoE · tribute_sent a jugador 6 |
| 46:32 | Oni.JorDan_AoE · tribute_sent a jugador 7 |
| 46:32 | Oni.JorDan_AoE · tribute_sent a jugador 8 |
| 46:33 | Somero · wall_segment Stone Wall x8 |
| 47:40 | abundzuehalt · first_building Siege Workshop |
| 47:46 | NoLo · wall_segment Stone Wall x1 |
| 47:47 | NoLo · wall_segment Stone Wall x4 |
| 48:09 | NoLo · wall_segment Stone Wall x1 |
| 48:11 | NoLo · wall_segment Stone Wall x1 |
| 48:14 | Somero · wall_segment Stone Wall x7 |
| 48:32 | NoLo · wall_segment Stone Wall x1 |
| 48:35 | Oni.JorDan_AoE · tribute_sent a jugador 1 |
| 48:35 | Oni.JorDan_AoE · tribute_sent a jugador 2 |
| 48:35 | Oni.JorDan_AoE · tribute_sent a jugador 4 |
| 48:35 | Oni.JorDan_AoE · tribute_sent a jugador 5 |
| 48:35 | Oni.JorDan_AoE · tribute_sent a jugador 6 |
| 48:35 | Oni.JorDan_AoE · tribute_sent a jugador 7 |
| 48:35 | Oni.JorDan_AoE · tribute_sent a jugador 8 |
| 48:36 | Somero · wall_segment Stone Wall x6 |
| 48:53 | NoLo · wall_segment Stone Wall x1 |
| 49:04 | OS+ | TeMo · tribute_sent a jugador 1 |
| 49:04 | OS+ | TeMo · tribute_sent a jugador 3 |
| 49:04 | OS+ | TeMo · tribute_sent a jugador 4 |
| 49:04 | OS+ | TeMo · tribute_sent a jugador 5 |
| 49:04 | OS+ | TeMo · tribute_sent a jugador 6 |
| 49:04 | OS+ | TeMo · tribute_sent a jugador 7 |
| 49:04 | OS+ | TeMo · tribute_sent a jugador 8 |
| 49:06 | NoLo · wall_segment Stone Wall x1 |
| 49:31 | abundzuehalt · wall_segment Palisade Wall x1 |
| 49:41 | abundzuehalt · tribute_sent a jugador 2 |
| 49:41 | abundzuehalt · tribute_sent a jugador 3 |
| 49:41 | abundzuehalt · tribute_sent a jugador 4 |
| 49:41 | abundzuehalt · tribute_sent a jugador 5 |
| 49:41 | abundzuehalt · tribute_sent a jugador 6 |
| 49:41 | abundzuehalt · tribute_sent a jugador 7 |
| 49:41 | abundzuehalt · tribute_sent a jugador 8 |
| 50:20 | Oni.TheViper · tribute_sent a jugador 1 |
| 50:20 | Oni.TheViper · tribute_sent a jugador 2 |
| 50:20 | Oni.TheViper · tribute_sent a jugador 3 |
| 50:20 | Oni.TheViper · tribute_sent a jugador 4 |
| 50:20 | Oni.TheViper · tribute_sent a jugador 5 |
| 50:20 | Oni.TheViper · tribute_sent a jugador 6 |
| 50:20 | Oni.TheViper · tribute_sent a jugador 7 |
| 50:46 | Oni.TheViper · wall_segment Stone Wall x9 |
| 52:27 | Oni.JorDan_AoE · tribute_sent a jugador 1 |
| 52:27 | Oni.JorDan_AoE · tribute_sent a jugador 2 |
| 52:27 | Oni.JorDan_AoE · tribute_sent a jugador 4 |
| 52:27 | Oni.JorDan_AoE · tribute_sent a jugador 5 |
| 52:27 | Oni.JorDan_AoE · tribute_sent a jugador 6 |
| 52:27 | Oni.JorDan_AoE · tribute_sent a jugador 7 |
| 52:27 | Oni.JorDan_AoE · tribute_sent a jugador 8 |
| 52:43 | Oni.TheViper · tribute_sent a jugador 1 |
| 52:43 | Oni.TheViper · tribute_sent a jugador 2 |
| 52:43 | Oni.TheViper · tribute_sent a jugador 3 |
| 52:43 | Oni.TheViper · tribute_sent a jugador 4 |
| 52:43 | Oni.TheViper · tribute_sent a jugador 5 |
| 52:43 | Oni.TheViper · tribute_sent a jugador 6 |
| 52:43 | Oni.TheViper · tribute_sent a jugador 7 |
| 55:02 | NoLo · wall_segment Stone Wall x8 |
| 55:04 | NoLo · wall_segment Stone Wall x12 |
| 55:41 | NoLo · wall_segment Stone Wall x2 |
| 55:46 | NoLo · wall_segment Stone Wall x5 |
| 55:57 | Oni.JorDan_AoE · tribute_sent a jugador 1 |
| 55:57 | Oni.JorDan_AoE · tribute_sent a jugador 2 |
| 55:57 | Oni.JorDan_AoE · tribute_sent a jugador 4 |
| 55:57 | Oni.JorDan_AoE · tribute_sent a jugador 5 |
| 55:57 | Oni.JorDan_AoE · tribute_sent a jugador 6 |
| 55:57 | Oni.JorDan_AoE · tribute_sent a jugador 7 |
| 55:57 | Oni.JorDan_AoE · tribute_sent a jugador 8 |
| 57:43 | OS+ | TeMo · resign |
[ ANÁLISIS IA · 1 CRÉDITO ]
¿Qué pasó realmente en esta partida?
Wolo.gg analiza cada decisión: build order, eco, micro, errores típicos por bracket. Análisis personalizado por WhatsApp o Discord en 30 segundos.
Guía civ
Francos
Perfil
Jugador #264353